 Dungeon Crawl Stone Soup version 0.31.0-1-g2c135a008e (webtiles) character file.

Game seed: 3246843876721520806

58 qw the Shooter (level 4, -2/34 HPs)
             Began as a Djinni Hunter on Jan 23, 2024.
             Slain by a phantom (7 damage)
             ... on level 4 of the Dungeon.
             The game lasted 00:00:07 (1764 turns).

qw the Shooter (Djinni Hunter)                      Turns: 1764, Time: 00:00:07

Health: -2/34      AC:  4    Str: 10    XL:     4   Next: 21%
Gold:   201        EV: 11    Int: 11    God:
                   SH:  0    Dex: 18

rFire   + + .        a - +1 shortbow
rCold   x . .        (shield currently unavailable)
rNeg    . . .        e - +0 ring mail
rPois   inf          (no helmet)
rElec   .            (no cloak)
rCorr   .            h - +1 pair of gloves
SInv    .            (boots unavailable)
Will    +....        (no amulet)
Stlth   +            (no ring)
HPRegen 0.25/turn    (no ring)
MPRegen 0.00/turn

%: infuse magic (-3 HP)
@: about to teleport, flying
A: sickness immunity, fire resistance 2, cold vulnerability 1, float, innate
caster, HP casting, extra vitality 1, deformed body, strong-willed 1, evolution
1
a: no special abilities


You were on level 4 of the Dungeon.
You visited 1 branch of the dungeon, and saw 4 of its levels.

You collected 201 gold pieces.


Innate Abilities, Weirdness & Mutations

You are immune to sickness and miasma.
You are immune to poison.
Your flesh is very heat resistant. (rF++)
You are vulnerable to cold. (rC-)
You float through the air rather than walking.
You learn spells naturally, not from books.
Your magical power is your life essence.
You have superior vitality. (+4 MHP)
Armour fits poorly on your strangely shaped body.
You are strong-willed. (Will+)
You have hidden genetic potential.


   Skills:
 + Level 2.7 Fighting
 - Level 4.0 Ranged Weapons
 - Level 1.3 Armour
 - Level 2.1 Dodging
 - Level 0.7 Stealth


You knew the following spells:

 Your Spells              Type           Power      Damage    Failure   Level
a - Apportation           Tloc           0%         N/A       65%         1
Your spell library was empty.

Inventory:

Hand Weapons
 a - a +1 shortbow (weapon)
Armour
 e - a +0 ring mail (worn)
 h - a +1 pair of gloves (worn)
Scrolls
 b - 3 scrolls of identify
Potions
 c - 2 potions of haste
 d - a potion of curing {unknown}
 j - a potion of enlightenment

Dungeon Overview and Level Annotations

Branches:
Dungeon (4/15)
 Temple: D:4-7

Altars:


Message History

You shoot an arrow. The arrow hits the phantom.
The phantom is heavily damaged.
The phantom hits you. x2
You shoot an arrow.
The arrow hits the phantom but does no damage.
The phantom is heavily damaged.
The phantom hits you but does no damage.
You shoot an arrow.
The arrow hits the phantom but does no damage.
The phantom is heavily damaged.
The phantom closely misses you.
You shoot an arrow. The arrow barely misses the phantom.
The phantom misses you. The phantom hits you.
The phantom blinks!
You blink.
Found 9 gold pieces.
You shoot an arrow. The arrow barely misses the phantom.
The phantom hits you.
You shoot an arrow. The arrow hits the phantom.
The phantom is severely damaged.
The phantom barely misses you.
You shoot an arrow. The arrow hits the phantom.
The phantom is severely damaged.
The phantom hits you! The phantom hits you.
You shoot an arrow. The arrow closely misses the phantom.
The phantom hits you but does no damage.
You shoot an arrow. The arrow barely misses the phantom.
The phantom barely misses you.
You shoot an arrow. The arrow barely misses the phantom.
The phantom hits you. The phantom misses you.
You shoot an arrow. The arrow hits the phantom.
The phantom is almost destroyed.
The phantom hits you.
1763 ||| READING scroll of teleportation.
As you read the scroll of teleportation, it crumbles to dust.
You feel strangely unstable. The phantom hits you.
The phantom blinks!
You blink.
An orc comes into view. It is wielding a +0 club.
Found a coppery potion.
You shoot an arrow. The arrow misses the phantom.
The phantom hits you!
You die...

# .# ..#
###...#
########.'...#
.......@W#
o........#
!.......$#
########.# #.#
#ยค########
#.##.....#
#.##.....#
#.##..<..#


You could see a phantom and an orc.

Vanquished Creatures
  2 adders (D:2)
  A dart slug (D:2)
  A ribbon worm (D:3)
  8 ball pythons
  3 endoplasms
  2 giant cockroaches (D:2)
  5 goblins
  A hobgoblin (D:2)
  3 kobolds
  3 quokkas
  3 frilled lizards
  5 rats
37 creatures vanquished.

Notes
Turn   | Place    | Note
-------+----------+-------------------------------------------
     0 | D:1      | qw the Djinni Hunter began the quest for the Orb.
     0 | D:1      | Reached XP level 1. HP: 18/18 MP: 0/0
     0 | D:1      | 0 ||| qw: Version: 0.3-a-132-g3d54051
     0 | D:1      | 0 ||| qw: Game counter: 584
     0 | D:1      | 0 ||| qw: Melee chars always use a shield: true
     0 | D:1      | 0 ||| qw: God list: Okawaru
     0 | D:1      | 0 ||| qw: Allow faded altars: false
     0 | D:1      | 0 ||| qw: Do Orc after clearing Dungeon:15 true
     0 | D:1      | 0 ||| qw: Do second Lair branch before Depths: true
     0 | D:1      | 0 ||| qw: Lair rune preference: random
     0 | D:1      | 0 ||| qw: Goals: Normal
     0 | D:1      | 0 ||| PLANNING D:1-11
    94 | D:1      | Reached XP level 2. HP: 23/23 MP: 0/0
   546 | D:1      | 546 ||| DROPPING scarf of shadows.
   547 | D:1      | 547 ||| UPGRADING to +0 ring mail.
   557 | D:1      | 557 ||| DROPPING +0 leather armour.
   558 | D:1      | 558 ||| READING 2 scrolls labelled ANKEOTH JAYGOU.
   558 | D:1      | 558 ||| IDENTIFYING bubbling red potion
   559 | D:1      | 559 ||| READING scroll of identify.
   559 | D:1      | 559 ||| IDENTIFYING amethyst potion
   560 | D:1      | 560 ||| READING scroll labelled POULON EMIAMN.
   565 | D:1      | 565 ||| DROPPING scroll of butterflies.
   566 | D:1      | 566 ||| DROPPING potion of attraction.
   567 | D:1      | 567 ||| DROPPING potion of ambrosia.
   689 | D:2      | Reached skill level 4 in Ranged Weapons
   689 | D:2      | Reached XP level 3. HP: 23/28 MP: 0/0
   689 | D:2      | Learned a level 1 spell: Apportation
   689 | D:2      | 689 ||| FLEEEEING.
   690 | D:2      | 690 ||| FLEEEEING.
   691 | D:2      | 691 ||| FLEEEEING.
   704 | D:2      | 704 ||| FLEEEEING.
   705 | D:2      | 705 ||| FLEEEEING.
   706 | D:2      | 706 ||| FLEEEEING.
   788 | D:2      | Reached skill level 1 in Armour
  1055 | D:2      | 1055 ||| READING 5 scrolls of identify.
  1055 | D:2      | 1055 ||| IDENTIFYING 2 emerald potions
  1056 | D:2      | 1056 ||| READING 4 scrolls of identify.
  1056 | D:2      | 1056 ||| IDENTIFYING 3 scrolls labelled FEIPYB YREIRAC
  1057 | D:2      | 1057 ||| DROPPING 3 scrolls of fear.
  1091 | D:3      | Reached XP level 4. HP: 34/34 MP: 0/0
  1113 | D:3      | 1113 ||| FLEEEEING.
  1117 | D:3      | 1117 ||| STAIRDANCE
  1176 | D:2      | 1176 ||| READING 3 scrolls of identify.
  1176 | D:2      | 1176 ||| IDENTIFYING scroll labelled VUFOCE NEUFEWO
  1177 | D:2      | 1177 ||| READING 2 scrolls of identify.
  1177 | D:2      | 1177 ||| IDENTIFYING scroll labelled XISKUISOTZ
  1178 | D:2      | 1178 ||| READING scroll of enchant weapon.
  1178 | D:2      | 1178 ||| ENCHANTING +0 shortbow.
  1685 | D:3      | 1685 ||| UPGRADING to +0 pair of gloves.
  1690 | D:3      | 1690 ||| READING scroll of enchant armour.
  1690 | D:3      | 1690 ||| ENCHANTING +0 pair of gloves.
  1691 | D:3      | 1691 ||| READING 6 scrolls of identify.
  1691 | D:3      | 1691 ||| IDENTIFYING inky potion
  1692 | D:3      | 1692 ||| DRINKING potion of mutation.
  1692 | D:3      | Gained mutation: You are strong-willed. (Will+) [potion of
                  | mutation]
  1692 | D:3      | Gained mutation: You have hidden genetic potential. [potion
                  | of mutation]
  1692 | D:3      | Gained mutation: Armour fits poorly on your strangely
                  | shaped body. [potion of mutation]
  1693 | D:3      | 1693 ||| READING 5 scrolls of identify.
  1693 | D:3      | 1693 ||| IDENTIFYING bubbling ruby potion
  1694 | D:3      | 1694 ||| READING 4 scrolls of identify.
  1694 | D:3      | 1694 ||| IDENTIFYING metallic black potion
  1695 | D:3      | 1695 ||| DROPPING potion of berserk rage.
  1742 | D:4      | Noticed a phantom
  1762 | D:4      | HP: 7/34 [phantom (4)]
  1763 | D:4      | 1763 ||| READING scroll of teleportation.
  1764 | D:4      | Slain by a phantom

Levels and vault maps discovered:
D:1:      zelgadis_glass_arrival_small, layout_basic, dreamdust_wishing_well
D:2:      layout_rooms
D:3:      layout_loops_ring
D:4:      layout_basic, uniq_eustachio

Skill      XL: |  1  2  3 |
---------------+----------+-----
Ranged Weapons | 4 |  4.0
Armour         | 1 |  1.3
Fighting       | |  2.7
Dodging        | |  2.1
Stealth        | |  0.7

Action                     |  1- 3 |  4- 6 || total
---------------------------+-------+-------++-------
   Fire: Shortbow          |    77 |    51 ||   128
    Use: Scroll            |     5 |     8 ||    13
         Potion            |       |     1 ||     1
 Armour: Ring mail         |    18 |    24 ||    42
         Leather armour    |     2 |       ||     2
  Dodge: Dodged            |    20 |    24 ||    44

Table legend:
 A = Non-vault XP
 B = Vault XP
 C = Vault XP percentage of total XP
 D = Non-vault monster count
 E = Vault monster count
 F = Vault count percentage of total count
                 A         B        C        D         E       F
            +---------+---------+-------+---------+---------+-------
      Total |      84 |       0 |   0.0 |      37 |       0 |   0.0
            +---------+---------+-------+---------+---------+-------
        D:1 |      21 |       0 |   0.0 |      12 |       0 |   0.0
        D:2 |      45 |       0 |   0.0 |      12 |       0 |   0.0
        D:3 |      17 |       0 |   0.0 |      12 |       0 |   0.0
        D:4 |       1 |       0 |   0.0 |       1 |       0 |   0.0
            +---------+---------+-------+---------+---------+-------
